 Dungeon Crawl Stone Soup version 0.31-a0-1338-gb567cfdca4 (webtiles) character file.

Game seed: 141862187442232425

164 mdonais the Trooper (level 5, -2/58 HPs)
             Began as an Oni Warper on Dec 22, 2023.
             Slain by a bullfrog (4 damage)
             ... in a sewer.
             The game lasted 00:09:48 (1700 turns).

mdonais the Trooper (Oni Warper)                    Turns: 1700, Time: 00:09:48

Health: -2/58      AC:  3    Str: 15    XL:     5   Next: 45%
Magic:  6/8        EV:  9    Int: 22    God:
Gold:   104        SH:  0    Dex:  6    Spells: 6/8 levels left

rFire   . . .        a - +0 mace
rCold   . . .        (no shield)
rNeg    . . .        e - +0 robe
rPois   .            (helmet restricted)
rElec   .            (no cloak)
rCorr   .            (gloves unavailable)
SInv    .            (boots unavailable)
Will    .....        d - amulet of the acrobat
Stlth   +            (no ring)
HPRegen 0.29/turn    (no ring)
MPRegen 0.11/turn

%: acrobat
@: no status effects
A: drunken brawling, large, unfitting armour, horns 1, tough skin 1, double
potion healing, clever 2
a: no special abilities


You were in a sewer.
You visited 1 branch of the dungeon, and saw 3 of its levels.
You also visited: Sewer.

You collected 104 gold pieces.

Inventory:

Hand Weapons
 a - a +0 mace (weapon)
 b - a +0 vampiric trident
   (You found it on level 2 of the Dungeon)
Missiles
 w - 6 large rocks (quivered)
 K - 7 darts of dispersal
Armour
 e - a +0 robe (worn)
Jewellery
 d - an amulet of the acrobat (around neck)
   (You found it on level 1 of the Dungeon)
Scrolls
 c - a scroll of enchant weapon
 g - a scroll of fear {unknown}
 B - 2 scrolls of blinking
Potions
 f - a potion of brilliance


   Skills:
 + Level 5.6 Fighting
 - Level 4.0 Maces & Flails
 - Level 1.0 Throwing
 - Level 2.1 Dodging
 - Level 2.4 Spellcasting
 - Level 2.6 Translocations


You had 6 spell levels left.
You knew the following spells:

 Your Spells              Type           Power      Damage    Failure   Level
a - Blink                 Tloc           28%        N/A       7%          2

Your spell library contained the following spells:

 Spells                   Type           Power      Damage    Failure   Level
 Lesser Beckoning         Tloc           28%        N/A       7%          2
 Sandblast                Erth           4%         2d4       13%         1
 Teleport Other           Tloc           14%        N/A       13%         3
 Ensorcelled Hibernation  Hex/Ice        4%         N/A       21%         2
 Passwall                 Alch/Erth      1%         N/A       21%         2
 Dazzling Flash           Conj/Hex       4%         N/A       36%         3
 Mephitic Cloud           Conj/Alch/Air  2%         N/A       36%         3
 Stone Arrow              Conj/Erth      4%         3d7       36%         3
 Swiftness                Air            2%         N/A       36%         3
 Manifold Assault         Tloc           14%        N/A       41%         4
 Vhi's Electric Charge    Tloc/Air       16%        N/A       58%         4
 Brom's Barrelling Bould  Conj/Erth      2%         2d3       78%         4
 Agony                    Necr           2%         N/A       98%         5
 Silence                  Hex/Air        1%         N/A       98%         5


Dungeon Overview and Level Annotations

Branches:
Dungeon (3/15) Zot: 16641   Sewer (1/1) Zot: 5604

Altars:


Innate Abilities, Weirdness & Mutations

Whenever you drink a potion that restores your health or magic, you attack all enemies around you.
You are too large for most types of armour.
You have a pair of small horns on your head.
You have tough skin. (AC +1)
Whenever you drink a potion that restores your health or magic, it restores twice as much.
Your mind is very acute. (Int +8, Str/Dex -2)


Message History

The giant cockroach is severely wounded.
The giant cockroach closely misses you.
You hit the giant cockroach but do no damage.
The giant cockroach is severely wounded.
The giant cockroach bites you.
You take 1 damage, and have 48/49 hp.
You closely miss the giant cockroach.
The giant cockroach is severely wounded.
The giant cockroach bites you but does no damage. x2
You hit the giant cockroach.
You kill the giant cockroach!
Health restored: 49 No target in view!
You see here a ball python corpse.
A giant cockroach comes into view.
The giant cockroach waves its antennae.
A quokka comes into view.
You sock the giant cockroach!
You kill the giant cockroach!
A giant cockroach comes into view.
The quokka completely misses you.
You sock the quokka!
You kill the quokka!
The giant cockroach barely misses you.
You hit the giant cockroach.
You kill the giant cockroach!
You closely miss the giant cockroach. The giant cockroach bites you.
The giant cockroach bites you but does no damage.
You take 2 damage, and have 47/49 hp.
You hit the giant cockroach.
You kill the giant cockroach!
No target in view!
Things that are here:
a giant cockroach corpse; a quokka corpse 2 ball pythons come into view.
The ball python hisses angrily. x2
You hit the ball python.
You kill the ball python!
The ball python misses you.
You hit the ball python.
The ball python is heavily wounded.
The ball python bites you.
You take 3 damage, and have 45/49 hp.
You hit the ball python.
You kill the ball python!
You barely miss the quokka. The quokka barely misses you.
You hit the quokka.
You kill the quokka!
No target in view!
You see here a ball python corpse.
You enter the shallow water.
Health restored: 49 You enter the shallow water.
You closely miss the quokka. Your headbutt misses the quokka.
The quokka bites you.
You take 1 damage, and have 48/49 hp.
You hit the quokka.
The quokka is severely wounded.
The quokka bites you. The quokka closely misses you.
You take 1 damage, and have 47/49 hp.
You hit the quokka.
You kill the quokka!
No target in view!
You enter the shallow water.
You see here a quokka corpse.
Health restored: 49 The giant cockroach closely misses you.
You closely miss the giant cockroach.
The giant cockroach bites you but does no damage.
The giant cockroach barely misses you.
You barely miss the giant cockroach.
Your headbutt misses the giant cockroach.
The giant cockroach barely misses you.
You hit the giant cockroach.
You kill the giant cockroach!
No target in view!
You see here a giant cockroach corpse.
Found a runed trident and a chain mail.
Found 29 gold pieces, a quarterstaff and a scroll of blinking.
You see here a giant cockroach corpse.
You see here a giant cockroach corpse.
A frilled lizard comes into view.
The frilled lizard hisses angrily.
A bullfrog comes into view. x2
The bullfrog moves out of view.
The bullfrog gives a loud, deep croak!
You hit the bullfrog. You headbutt the bullfrog!
The bullfrog is severely wounded.
The bullfrog hits you. x2
You take 8 damage, and have 41/49 hp.
You closely miss the bullfrog. Your headbutt misses the bullfrog.
The bullfrog is heavily wounded.
The bullfrog hits you.
The bullfrog hits you but does no damage.
The bullfrog hits you! The bullfrog hits you.
You take 15 damage, and have 26/49 hp.
MASSIVE DAMAGE!!
Casting: Blink (safe; 7% risk of failure)
Confirm with . or Enter, or press ? or * to list all spells.
You blink.
Splash!
You fall into the shallow water.
You now have 5/7 mp.
Okay, then.
You sock the bullfrog!
You kill the bullfrog!
The bullfrog hits you. x2
Training target 4.0 for Maces & Flails reached!
Your Fighting skill increases to level 5!
Your Maces & Flails skill increases to level 4!
You have reached level 5!
You take 2 damage, and have 25/58 hp.
You hit the bullfrog.
The bullfrog is moderately wounded.
The bullfrog barely misses you. The bullfrog hits you.
You take 4 damage, and have 21/58 hp.
You closely miss the bullfrog. You headbutt the bullfrog.
The bullfrog is moderately wounded.
The bullfrog hits you but does no damage.
The bullfrog hits you.
* * * LOW HITPOINT WARNING * * *
The frilled lizard barely misses you.
You take 5 damage, and have 16/58 hp.
Okay, then.
Casting: Blink (safe; 7% risk of failure)
Confirm with . or Enter, or press ? or * to list all spells.
You are still too unstable to blink.
You barely miss the bullfrog. You headbutt the bullfrog.
The bullfrog is heavily wounded.
You feel ready to blink again. The bullfrog hits you.
* * * LOW HITPOINT WARNING * * *
The frilled lizard barely misses you. The bullfrog closely misses you.
You take 1 damage, and have 15/58 hp.
You hit the bullfrog.
The bullfrog is severely wounded.
The bullfrog hits you.
* * * LOW HITPOINT WARNING * * *
The frilled lizard bites you.
* * * LOW HITPOINT WARNING * * *
You take 6 damage, and have 9/58 hp.
You hit the bullfrog. Your headbutt misses the bullfrog.
The bullfrog is almost dead.
The bullfrog hits you!
* * * LOW HITPOINT WARNING * * *
The frilled lizard barely misses you. The bullfrog closely misses you.
You take 7 damage, and have 2/58 hp.
You barely miss the bullfrog.
The bullfrog is almost dead.
The bullfrog hits you.
You die...

####### #.....########
####.~~~.~~~..~.########
≈≈≈≈≈≈≈≈~~~~~~~~~††.∩.∩.#
#####.~≈~~~~~~~~.########
#~~≈~~########
#.~≈~.##################
#~~≈~~~@F....÷..........
#.~≈~~~~l~~~~~~~~~~~~~~~
#.~≈≈≈≈≈≈≈≈≈≈≈≈≈≈≈≈≈≈≈≈≈
#~~≈~~~~~~~~~~~~~~~~≈~~≈
#~≈≈~~~...†......~~≈~≈≈~
#.~≈~~#######~≈≈≈≈≈≈≈~~≈
#.~≈~†# #≈≈≈~≈≈≈≈≈≈≈≈≈
#.~≈~.# #≈≈l≈≈≈≈≈≈..~~
#.~≈~.# #≈≈≈≈≈F≈≈.~~~~~


You could see a bullfrog and a frilled lizard.

Vanquished Creatures
  A bullfrog (Sewer)
  4 adders
  A worm (D:2)
  3 endoplasms
  10 giant cockroaches
  2 goblins
  3 hobgoblins
  6 quokkas
  8 ball pythons
  4 bats
  10 frilled lizards
  4 kobolds
  5 rats
61 creatures vanquished.

Notes
Turn   | Place    | Note
-------+----------+-------------------------------------------
     0 | D:1      | mdonais the Oni Warper began the quest for the Orb.
     0 | D:1      | Reached XP level 1. HP: 22/22 MP: 3/3
   125 | D:1      | Reached skill level 3 in Fighting
   254 | D:1      | Reached XP level 2. HP: 31/31 MP: 5/5
   257 | D:1      | Learned a level 2 spell: Blink
   795 | D:2      | Reached XP level 3. HP: 39/39 MP: 6/6
  1101 | D:2      | Reached skill level 4 in Fighting
  1254 | D:3      | Found a glowing drain.
  1268 | D:3      | Gained mutation: Your mind is acute. (Int +4, Str/Dex -1)
                  | [potion of mutation]
  1268 | D:3      | Gained mutation: Your mind is very acute. (Int +8, Str/Dex
                  | -2) [potion of mutation]
  1289 | D:3      | Reached XP level 4. HP: 35/49 MP: 4/7
  1321 | Sewer    | Entered a sewer
  1686 | Sewer    | Noticed a bullfrog
  1686 | Sewer    | Noticed a bullfrog
  1694 | Sewer    | Killed a bullfrog
  1695 | Sewer    | Reached skill level 5 in Fighting
  1695 | Sewer    | Reached XP level 5. HP: 25/58 MP: 5/8
  1699 | Sewer    | HP: 2/58 [bullfrog (7)]
  1700 | Sewer    | Slain by a bullfrog

Illustrated notes

Levels and vault maps discovered:
D:1:      scummos_arrival_hexagon, layout_rooms, minmay_crystal_water
D:2:      layout_rooms, chequers_serial_rivers_large_b
D:3:      layout_loops_ring, grunt_gozag_breadcrumbs, gup_sewer_entry_glass,
          uniq_ijyb
Sewer:    sewer_frog_island_01

Skill      XL: |  1  2  3  4 |
---------------+-------------+-----
Fighting       | 3 4 5 |  5.6
Maces & Flails | 3 4 |  4.0
Throwing       | |  1.0
Dodging        | |  2.1
Spellcasting   | |  2.4
Translocations | |  2.6

Action                     |  1- 3 |  4- 6 || total
---------------------------+-------+-------++-------
  Melee: Mace              |   144 |    70 ||   214
         Headbutt          |    18 |     6 ||    24
         Trident           |       |     3 ||     3
         Punch             |       |     2 ||     2
   Cast: Blink             |     2 |     1 ||     3
    Use: Scroll            |     3 |       ||     3
         Potion            |     4 |       ||     4
 Armour: Robe              |   118 |    52 ||   170
  Dodge: Dodged            |    97 |    32 ||   129

Table legend: (Time is in decaauts)
 A = Elapsed time spent in this place.
 B = Non-inter-level travel time spent in this place.
 C = Inter-level travel time spent in this place.
 D = Time resting spent in this place.
 E = Time spent auto-exploring this place.
 F = Levels seen in this place.
 G = Mean time per level.
                   A        B        C        D        E       F      G
               +--------+--------+--------+--------+--------+-----+--------+
         Total |   1753 |   1706 |     47 |     49 |    906 |   4 |  438.2 |
       Dungeon |   1359 |   1312 |     47 |      0 |    845 |   3 |  453.0 |
         Sewer |    394 |    394 |      0 |     49 |     61 |   1 |  394.0 |
               +--------+--------+--------+--------+--------+-----+--------+

Top non-repeatable levels by time:
     D:1: 660 daAuts
     D:2: 626 daAuts
   Sewer: 394 daAuts
     D:3: 72 daAuts
